[Event "Early-Titled-Tuesday-Blitz-May-14-2024"]
[Site "Chess.com"]
[Date "2024.05.14"]
[Round "6"]
[White "brunomorado"]
[Black "MathiasWomacka"]
[Result "1-0"]
[WhiteElo "2378"]
[BlackElo "2518"]
[TimeControl "180+1"]
[EndTime "9:08:09 PDT"]
[Termination "brunomorado won by resignation"]

1. d4 Nf6 2. Nc3 d5 3. Bg5 Nbd7 4. Qd3 g6 5. f3 c5 6. dxc5 Nxc5 7.
Qb5+ Ncd7 8. Bxf6 exf6 9. Nxd5 Bc5 10. O-O-O O-O 11. e4 a6 12. Qb3 b5 13. h4 Ne5 14.
h5 Be6 15. hxg6 hxg6 16. Ne2 Kg7 17. Nef4 Rh8 18. Nxe6+ fxe6 19. Rxh8 Kxh8 20. Nf4 Qe7 21. Qxe6 Be3+ 22. Kb1 Rd8 23. Rxd8+ Qxd8 24. Nd5 Kg7 25. Qe7+ Qxe7 26. Nxe7 Bf2 27. Be2 Kh6 28. Nd5 Kg5 29. Nc7 Kf4 30. Nd5+ Kg3 31. Nxf6 Kxg2 32. f4 Nc6 33. e5 Bg3 34. Bd3 Bxf4 35. Be4+ Kf2 36. Bxc6 Bxe5 37. Ng4+ Ke2 38. Nxe5 1-0

[Event "Early-Titled-Tuesday-Blitz-May-14-2024"]
[Site "Chess.com"]
[Date "2024.05.14"]
[Round "6"]
[White "Raud100"]
[Black "Payyappat"]
[Result "0-1"]
[WhiteElo "2359"]
[BlackElo "2531"]
[TimeControl "180+1"]
[EndTime "9:08:09 PDT"]
[Termination "Payyappat won by resignation"]

1. d4 Nf6 2. c4 c5 3. d5 e6 4. Nc3 exd5 5. cxd5 d6 6. Nf3 g6 7. g3 Bg7 8. Bg2 O-O 9. O-O Nbd7 10. Nd2 Re8 11. h3 a6 12. a4 Rb8 13. Nc4 Ne5 14. Na3 Nh5 15. f4 Nxg3 16. fxe5 Nxf1 17.
Qxf1 Bxe5 18. Bf4 Qf6 19. Bxe5 Qxe5 20. Qf2 Bd7 21. Rf1 f5 22. Nc4 Qe7 23. Qf4 b5 24. Nxd6 Qe3+ 25. Qxe3 Rxe3 26. axb5 axb5 27. Kf2 Re5 28.
e4 Rb6 29. Nxf5 gxf5 30. Ke3 b4 31. Ne2 fxe4 32. Bxe4 Rb8 33. Rg1+ Kh8 34. Kf4 Rbe8 35. Ng3 c4 36. Rc1 Bb5 37. d6 R5e6 38. Rd1 Rf8+ 39. Bf5 Bd7 40. Kg5 Re5 41. Rf1 h6+ 42. Kg4 Bxf5+ 43.
Nxf5 Rg8+ 44. Kf4 Rxf5+ 45. Kxf5 Rf8+ 46. Ke6 Rxf1 47. d7 Rd1 0-1

[Event "Early-Titled-Tuesday-Blitz-May-14-2024"]
[Site "Chess.com"]
[Date "2024.05.14"]
[Round "6"]
[White "Orujov2008"]
[Black "ImportedItalianMaple"]
[Result "1-0"]
[WhiteElo "2751"]
[BlackElo "2588"]
[TimeControl "180+1"]
[EndTime "9:08:10 PDT"]
[Termination "Orujov2008 won by resignation"]

1. e4 g6 2. d4 Bg7 3. Nc3 d5 4.
exd5 Nf6 5. Nf3 Nxd5 6. Nxd5 Qxd5 7. Be2 c5 8. dxc5 Qxd1+ 9. Bxd1 Na6 10. c6 bxc6 11. c3 Nc5 12. Bc2 Ba6 13. Be3 Nd3+ 14.
Bxd3 Bxd3 15. O-O-O Bc4 16. b3 Bd5 17. c4 Bxf3 18. gxf3 a5 19. Bd4 Bxd4 20. Rxd4 a4 21. b4 a3 22. Kc2 c5 23. Rd5 cxb4 24. Kb3 e6 25. Rb5 Ke7 26. Rb7+ Kf6 27. Rd1 Rhd8 28. Rdd7 Rxd7 29. Rxd7 Rb8 30. c5 e5 31. Kc4 Ke6 32.
Rd6+ Ke7 33. Rd3 f5 34. Rb3 h5 35. Rxb4 Rxb4+ 36. Kxb4 g5 37. Kb5 Kd7 38. c6+ Kc7 39.
Kc5 e4 40. fxe4 f4 41. e5 g4 42. e6 h4 43. e7 g3 44. e8=Q 1-0

[Event "Early-Titled-Tuesday-Blitz-May-14-2024"]
[Site "Chess.com"]
[Date "2024.05.14"]
[Round "6"]
[White "edgarhay012"]
[Black "LangesNasenhaar"]
[Result "0-1"]
[WhiteElo "2623"]
[BlackElo "2482"]
[TimeControl "180+1"]
[EndTime "9:08:10 PDT"]
[Termination "LangesNasenhaar won by resignation"]

1. e4 g6 2. d4 Bg7 3. Nc3 c6 4. Nf3 d5 5. e5 f6 6. h4 Bg4 7.
Be2 Nd7 8. h5 Bxh5 9. Bf4 Bxf3 10. gxf3 fxe5 11. dxe5 Nxe5 12. Qd2 Qa5 13. O-O-O Nf7 14.
Kb1 Bxc3 15. Qxc3 Qxc3 16. bxc3 e5 17. Be3 Nf6 18. f4 Ne4 19. Rd3 exf4 20. Bd4 O-O 21. c4 c5 22. Ba1 Nxf2 23. Rg1 Nxd3 24. Bxd3 d4 25. c3 Ne5 26. Be4 Rad8 27. cxd4 Rxd4 28. Bxd4 cxd4 29. c5 f3 30. Rf1 f2 31. Kc1 Ng4 32.
Bxb7 Ne3 33. Ba6 Nxf1 34. Bxf1 Rc8 35. Kd2 Rxc5 36. Bg2 Ra5 37. Kd3 Kg7 38. Ke2 Rxa2+ 39. Kf1 Rb2 40. Be4 a5 41. Bd3 a4 42. Bc4 a3 43. Bd5 Kf6 44. Bc4 d3 45. Ba2 0-1

[Event "Early-Titled-Tuesday-Blitz-May-14-2024"]
[Site "Chess.com"]
[Date "2024.05.14"]
[Round "6"]
[White "Louis-Paulsen-Fan"]
[Black "Kotofeyca"]
[Result "0-1"]
[WhiteElo "2335"]
[BlackElo "2509"]
[TimeControl "180+1"]
[EndTime "9:08:10 PDT"]
[Termination "Kotofeyca won by resignation"]

1. d4 d5 2. Nf3 c6 3. c4 Nf6 4. Nc3 dxc4 5. e4 b5 6. e5 Nd5 7.
a4 e6 8. axb5 Nxc3 9. bxc3 cxb5 10. Ng5 Bb7 11. Qh5 g6 12. Qg4 Bd5 13. Be2 Nc6 14.
O-O Be7 15. Bf3 h5 16. Qg3 a5 17. Ne4 b4 18. Nd6+ Bxd6 19. Bxd5 exd5 20. exd6 Qf6 21. Bg5 Qf5 22. Rfe1+ Kd7 23. Re3 Rhe8 24. Rf3 Qe6 25.
h4 f5 26. Bf4 b3 27. Re3 Qf7 28. Rxe8 Rxe8 29. Kh2 Re4 30. Bc1 Qf6 31. Ba3 Qxh4+ 32. Qxh4 Rxh4+ 33. Kg3 Re4 34. Bc5 h4+ 35. Kf3 g5 36. g4 Rxg4 0-1

[Event "Early-Titled-Tuesday-Blitz-May-14-2024"]
[Site "Chess.com"]
[Date "2024.05.14"]
[Round "6"]
[White "alexrustemov"]
[Black "IMRosen"]
[Result "1-0"]
[WhiteElo "2939"]
[BlackElo "2780"]
[TimeControl "180+1"]
[EndTime "9:08:13 PDT"]
[Termination "alexrustemov won by resignation"]

1. d4 d5 2. c4 e6 3. cxd5 exd5 4. Nf3 Nf6 5. Nc3 c6 6. Bf4 Bf5 7. e3 Bd6 8. Bxd6 Qxd6 9. Nh4 Bg6 10. Be2 O-O 11.
O-O Nbd7 12. Rc1 Rfe8 13. a3 a5 14. Na4 Rac8 15. g3 b5 16. Nc5 Nxc5 17. Rxc5 Ne4 18. Rc1 Qd7 19. Bg4 f5 20. Be2 a4 21. Nf3 Nd6 22.
Ne5 Qb7 23. b3 axb3 24. Qxb3 Bf7 25. a4 bxa4 26. Qxa4 Rc7 27. Rxc6 Rxc6 28. Qxc6 Qxc6 29. Nxc6 Nc4 30. Ra1 g5 31. Bxc4 dxc4 32. Ra5 Be6 33. Rc5 Ra8 34. d5 Bf7 35. Ne7+ Kg7 36. Nxf5+ Kf6 37.
g4 Ke5 38. d6+ Ke4 39. d7 Rd8 40. Nd6+ Kd3 41. Nxf7 Rxd7 42. Ne5+ Ke2 43. Nxd7 c3 44. Rxc3 Kf3 45. h3 1-0

[Event "Early-Titled-Tuesday-Blitz-May-14-2024"]
[Site "Chess.com"]
[Date "2024.05.14"]
[Round "6"]
[White "PapaieDudu"]
[Black "Mikhail_Golubev"]
[Result "0-1"]
[WhiteElo "2375"]
[BlackElo "2541"]
[TimeControl "180+1"]
[EndTime "9:08:13 PDT"]
[Termination "Mikhail_Golubev won by checkmate"]

1. Nf3 d6 2. d4 Nf6 3. c4 g6 4. Nc3 Bg7 5. Bf4 O-O 6. e3 Nc6 7. d5 e5 8. dxc6 exf4 9. cxb7 Bxb7 10. exf4 Re8+ 11. Be2 Bxf3 12. gxf3 Nh5 13. Nd5 c6 14. Ne3 Bxb2 15. Rb1 Bc3+ 16. Kf1 Nxf4 17. h4 h5 18. Bd3 Qf6 19. Be4 Rab8 20. Bxc6 Rxb1 21. Qxb1 Re5 22.
Be4 Bd4 23. Qb7 Bxe3 24. fxe3 Ne6 25. Qxa7 Nc5 26. Kg2 Kg7 27. Qa8 Nxe4 28. fxe4 Qe6 29. Rf1 Qg4+ 30. Kh2 Qxh4+ 31. Kg2 Qg4+ 32. Kh2 Qe2+ 33.
Kg1 Rg5+ 34. Kh1 Qg2# 0-1

[Event "Early-Titled-Tuesday-Blitz-May-14-2024"]
[Site "Chess.com"]
[Date "2024.05.14"]
[Round "6"]
[White "Gareth-Bale11"]
[Black "RojonR"]
[Result "1-0"]
[WhiteElo "2901"]
[BlackElo "2607"]
[TimeControl "180+1"]
[EndTime "9:08:14 PDT"]
[Termination "Gareth-Bale11 won by resignation"]

1. e4 c5 2. Nf3 Nc6 3. Bb5 e6 4. c3 Nge7 5. d4 cxd4 6. cxd4 d5 7. e5 a6 8. Bd3 Nf5 9. Bxf5 exf5 10. Nc3 Be7 11. h4 O-O 12. Bg5 Be6 13. Qd2 Rc8 14. O-O h6 15. Bxe7 Qxe7 16. Rac1 Qb4 17. g3 Rc7 18. a3 Qb3 19. Kg2 Rfc8 20. Ne2 b6 21. Rc3 Qa4 22. Rfc1 Kf8 23. Nf4 Ke7 24. h5 Kd7 25.
R1c2 Na5 26. Rxc7+ Rxc7 27. Rxc7+ Kxc7 28. Ne1 Qc4 29. Nc2 Nb3 30. Qd1 a5 31. Ne3 Qb5 32. Qc2+ Kb7 33.
Nxf5 a4 34. Nd6+ 1-0

[Event "Early-Titled-Tuesday-Blitz-May-14-2024"]
[Site "Chess.com"]
[Date "2024.05.14"]
[Round "6"]
[White "temus_galaktionov"]
[Black "HowTo2Draw"]
[Result "1/2-1/2"]
[WhiteElo "2853"]
[BlackElo "2555"]
[TimeControl "180+1"]
[EndTime "9:08:14 PDT"]
[Termination "Game drawn by repetition"]

1. d4 f5 2. c4 Nf6 3. Nf3 g6 4. g3 Bg7 5. Bg2 O-O 6. O-O d6 7. Nc3 c6 8. Rb1 Na6 9. b4 Nc7 10. b5 cxb5 11. Nxb5 Nxb5 12. Rxb5 Qc7 13. Qb3 Kh8 14. c5 dxc5 15. Bf4 c4 16. Bxc7 cxb3 17. Rxb3 Ne4 18. Rc1 b6 19. Be5 Be6 20. Rb2 Rac8 21. Rbc2 Rxc2 22. Rxc2 Rc8 23. Rxc8+ Bxc8 24. Bxg7+ Kxg7 25. a3 a5 26. Ne5 Nc3 27. Kf1 Ba6 28. Bf3 b5 29. Ke1 b4 30. axb4 axb4 31. Kd2 Ne4+ 32. Bxe4 fxe4 33. e3 Kf6 34. Nc6 b3 35. Kc3 Bb5 36.
Ne5 Ba4 37. Kb2 h5 38. Ka3 Kf5 39. h3 Kg5 40. Kb2 Kf5 41. Kc3 Kf6 42. Kb2 Kf5 43.
Kb1 Kf6 44. Kc1 Kf5 45. Kb2 Kf6 46. Ka3 Kg5 47. Nf7+ Kf6 48. Ne5 Kg5 1/2-1/2

[Event "Early-Titled-Tuesday-Blitz-May-14-2024"]
[Site "Chess.com"]
[Date "2024.05.14"]
[Round "6"]
[White "Eliwood44"]
[Black "Blitz_Lover1"]
[Result "1-0"]
[WhiteElo "2461"]
[BlackElo "2270"]
[TimeControl "180+1"]
[EndTime "9:08:14 PDT"]
[Termination "Eliwood44 won on time"]

1. d4 Nf6 2. c4 e6 3. Nc3 Bb4 4. e3 c5 5. Ne2 O-O 6. a3 Bxc3+ 7. Nxc3 b6 8. d5 d6 9. Bd3 exd5 10. cxd5 a6 11. a4 Nbd7 12. f4 Qe7 13. O-O Bb7 14. e4 c4 15. Bc2 Nc5 16. Re1 Rfe8 17. e5 dxe5 18. fxe5 Rad8 19. Bg5 h6 20. Bxf6 gxf6 21. Qg4+ Kf8 22. Qf4 Kg7 23. Qg3+ Kh8 24. Qh4 Kg7 25.
Qg4+ Kf8 26. d6 Qxe5 27. Rxe5 Rxe5 28. Rd1 Rg5 29. Qe2 Rxg2+ 30. Qxg2 Bxg2 31. Kxg2 Ne6 32. a5 b5 33. Ne4 f5 34. Nf6 Nf4+ 35. Kf3 Nd3 36. Bxd3 Rxd6 37. Bc2 Rxf6 38. Kf4 Kg7 39. Bxf5 h5 40. Kg5 Rc6 41. Rc1 b4 42. h4 c3 43.
bxc3 bxc3 44. Kxh5 Rc5 45. Kg4 Kf6 46. Bc2 Ke5 47.
h5 Kd4 48. h6 Ke3 49. h7 Rc8 50. Rh1 Kd2 51. Rh2+ Kc1 52. Kg5 Kb2 53. Bf5+ c2 54. Bxc8 1-0

[Event "Early-Titled-Tuesday-Blitz-May-14-2024"]
[Site "Chess.com"]
[Date "2024.05.14"]
[Round "6"]
[White "knightinshiningarmour16"]
[Black "Pragmatist237"]
[Result "1-0"]
[WhiteElo "2359"]
[BlackElo "2215"]
[TimeControl "180+1"]
[EndTime "9:08:14 PDT"]
[Termination "knightinshiningarmour16 won by resignation"]

1. d4 Nf6 2. Nf3 b6 3. g3 Bb7 4. Bg2 g6 5. O-O Bg7 6. c3 O-O 7. Qc2 Be4 8. Qb3 d6 9. c4 Nbd7 10. Nc3 Bb7 11. d5 e5 12. e4 Nc5 13. Qc2 a5 14. a3 a4 15. Be3 Nfd7 16. Rad1 Nb3 17. Rfe1 Ndc5 18. Bxc5 Nxc5 19. Nd2 Bc8 20. b4 axb3 21.
Nxb3 Rxa3 22. Nxc5 bxc5 23. Nb5 Ra8 24. Ra1 Rxa1 25.
Rxa1 Bd7 26. Nc3 f5 27. f3 f4 28. Ra7 g5 29. Qa2 g4 30. fxg4 f3 31. Bf1 Bxg4 32. Nd1 Bh6 33. Nf2 Be3 34. Qa5 Qg5 35. Rxc7 h5 36.
Ra7 h4 37. Qe1 hxg3 38. hxg3 Bc8 39. Kh2 Rf6 40. Nh3 Rh6 41. Ra3 Bxh3 42. Bxh3 Qg4 43. Qf1 Bf4 44. Rxf3 Bxg3+ 45. Rxg3 1-0

[Event "Early-Titled-Tuesday-Blitz-May-14-2024"]
[Site "Chess.com"]
[Date "2024.05.14"]
[Round "6"]
[White "grozdanovic_a"]
[Black "campochess"]
[Result "1/2-1/2"]
[WhiteElo "2319"]
[BlackElo "2112"]
[TimeControl "180+1"]
[EndTime "9:08:15 PDT"]
[Termination "Game drawn by agreement"]

1. d4 Nf6 2. Nf3 g6 3. g3 Bg7 4.
Bg2 d6 5. O-O O-O 6. Re1 Nbd7 7.
Nbd2 e5 8. c3 Re8 9. dxe5 Nxe5 10. Nxe5 Rxe5 11. Nf3 Re8 12. Bg5 h6 13. Bd2 Rb8 14.
Qc1 Kh7 15. a4 a5 16. Nd4 c6 17. Qc2 d5 18. Rad1 Qb6 19. Bf4 Ra8 20. Nb3 Bf5 21. e4 dxe4 22. Be3 Qc7 23. Nd4 Bg4 24. Rd2 Rad8 25.
h3 Bc8 26. Nb3 Rxd2 27. Nxd2 Bf5 28. g4 Bd7 29. Nxe4 Nd5 30. Bd2 f5 31. Nc5 Rxe1+ 32. Bxe1 Bc8 33. gxf5 Bxf5 34. Qd1 Qe7 35. b4 axb4 36.
cxb4 Nf4 37. Bd2 Ne2+ 38. Kh1 Nd4 39. Be3 Nc2 40. Qd2 Nxe3 41. Qxe3 Qxe3 42. fxe3 Bc3 43. Nxb7 Bxb4 44. Bxc6 Bxh3 45. a5 Bf1 46. Kg1 Ba6 47.
Kf2 Bxb7 48. Bxb7 Bxa5 49. Be4 Kg7 50. Bxg6 Kxg6 51. Kg2 1/2-1/2

[Event "Early-Titled-Tuesday-Blitz-May-14-2024"]
[Site "Chess.com"]
[Date "2024.05.14"]
[Round "6"]
[White "Mikhail_Bryakin"]
[Black "Jospem"]
[Result "1/2-1/2"]
[WhiteElo "2895"]
[BlackElo "2991"]
[TimeControl "180+1"]
[EndTime "9:08:17 PDT"]
[Termination "Game drawn by agreement"]

1. Nf3 c5 2. c4 Nc6 3. Nc3 g6 4. g3 Bg7 5. Bg2 d6 6. O-O e6 7. e4 Nge7 8. d3 a6 9. Be3 Nd4 10.
Bxd4 cxd4 11. Ne2 Nc6 12. a3 a5 13. b3 O-O 14. Rb1 Rb8 15. Nd2 Bd7 16. f4 b5 17. Qc2 Na7 18. c5 Rc8 19. b4 dxc5 20. bxc5 e5 21. fxe5 Qe7 22. Nb3 a4 23. Nbxd4 Rxc5 24.
Qd2 Bxe5 25. Nc2 Bg7 26. Nb4 Be6 27. d4 Rcc8 28. e5 Bc4 29. Rfd1 Rcd8 30. Qe3 f6 31. Nc3 fxe5 32. d5 Nc8 33. Ne4 Qa7 34. Qxa7 Nxa7 35. d6 Rf7 36. Rb2 Bf8 37. Rbd2 Bh6 38. Rb2 Kh8 39.
h4 Be3+ 40. Kh2 Bd4 41. Rbd2 Nc8 42. Nc6 Rxd6 43. Nxd6 Nxd6 44. Nxd4 exd4 45. Rxd4 1/2-1/2

[Event "Early-Titled-Tuesday-Blitz-May-14-2024"]
[Site "Chess.com"]
[Date "2024.05.14"]
[Round "6"]
[White "JJDAREK"]
[Black "Alenzer"]
[Result "1-0"]
[WhiteElo "2383"]
[BlackElo "2209"]
[TimeControl "180+1"]
[EndTime "9:08:17 PDT"]
[Termination "JJDAREK won by resignation"]

1. d4 d5 2. c4 dxc4 3. Nf3 a6 4. e3 Nf6 5. Bxc4 e6 6. O-O b5 7. Be2 Bb7 8. a4 b4 9. b3 Be7 10. Bb2 O-O 11. Nbd2 c5 12. dxc5 Bxc5 13. Rc1 Qb6 14. Nc4 Qd8 15. Nce5 Be7 16. Nd4 Qd5 17. Bf3 Qxe5 18.
Bxb7 Ra7 19. Nc6 Qxb2 20. Nxa7 Nbd7 21. Nc6 Bc5 22. Qc2 Qxc2 23. Rxc2 Bb6 24. Bxa6 Nd5 25.
Bc4 N7f6 26. Bxd5 Nxd5 27. e4 Nc3 28. Nxb4 Nxe4 29. Nc6 g6 30. a5 Bd8 31. Nxd8 Rxd8 32. a6 Kg7 33. a7 Ra8 34. Ra1 Nd6 35. Rc7 Kf6 36. b4 Ke5 37. b5 Nc8 38. Rxc8 Rxc8 39. a8=Q 1-0

[Event "Early-Titled-Tuesday-Blitz-May-14-2024"]
[Site "Chess.com"]
[Date "2024.05.14"]
[Round "6"]
[White "GrotBchess"]
[Black "Kombinator01"]
[Result "1-0"]
[WhiteElo "2534"]
[BlackElo "2363"]
[TimeControl "180+1"]
[EndTime "9:08:19 PDT"]
[Termination "GrotBchess won on time"]

1. e4 c6 2. d4 d5 3. Nd2 dxe4 4. Nxe4 Bf5 5. Ng3 Bg6 6. c3 e6 7. N1e2 c5 8. h4 h6 9. Nf4 Bh7 10. Bb5+ Nd7 11. d5 e5 12. Ne6 Qb6 13. Bxd7+ Kxd7 14. Nxf8+ Rxf8 15. Qg4+ f5 16. Qxg7+ Ne7 17. Qxe5 Ng6 18. Qg7+ Kc8 19. h5 Re8+ 20. Ne2 Ne5 21. O-O Nf3+ 22. Kh1 Qd8 23. Qg3 Rxe2 24. Qxf3 Re4 25. Bf4 Qh4+ 26. Bh2 Rg8 27. Rae1 Reg4 28. g3 Qxh5 29. Re7 Bg6 30. d6 Re4 31. Qd3 Qe2 32. Qxe2 Rxe2 33. Rxe2 Bh5 34. Re7 Bf3+ 35. Kg1 f4 36. Rfe1 h5 37. Re8+ 1-0

[Event "Early-Titled-Tuesday-Blitz-May-14-2024"]
[Site "Chess.com"]
[Date "2024.05.14"]
[Round "6"]
[White "noblerone"]
[Black "remyrushbrooke"]
[Result "1-0"]
[WhiteElo "2507"]
[BlackElo "2317"]
[TimeControl "180+1"]
[EndTime "9:08:19 PDT"]
[Termination "noblerone won on time"]

1. d4 g6 2. Nf3 Bg7 3. Bg5 d5 4.
e3 Nf6 5. Bd3 O-O 6. O-O Nbd7 7.
c4 c6 8. cxd5 cxd5 9. Nc3 h6 10.
Bh4 b6 11. Qb3 Bb7 12. Rfc1 e6 13. a4 g5 14. Bg3 Ne4 15. a5 Rc8 16. axb6 axb6 17. Ra7 Bc6 18. Rca1 h5 19. Bxe4 dxe4 20. Nd2 Nc5 21. dxc5 bxc5 22. Ndxe4 c4 23. Qc2 f5 24. Nc5 Bd5 25. Rd7 Qb6 26. Nxd5 exd5 27. Raa7 Qxc5 28.
Rxg7+ 1-0

[Event "Early-Titled-Tuesday-Blitz-May-14-2024"]
[Site "Chess.com"]
[Date "2024.05.14"]
[Round "6"]
[White "Tigranpatagonian"]
[Black "AnaKuchava"]
[Result "1-0"]
[WhiteElo "2377"]
[BlackElo "2192"]
[TimeControl "180+1"]
[EndTime "9:08:19 PDT"]
[Termination "Tigranpatagonian won by resignation"]

1. d4 Nf6 2. c4 e6 3. Nc3 d5 4. Bg5 Be7 5. e3 O-O 6. Nf3 h6 7. Bh4 b6 8. cxd5 Nxd5 9. Bxe7 Qxe7 10.
Nxd5 exd5 11. Rc1 Be6 12. Qa4 c5 13. Qa3 Rc8 14. Bb5 Qf8 15. O-O c4 16. Qxf8+ Kxf8 17. Ba4 a6 18. Bc2 Nd7 19. e4 Rab8 20. Rfe1 dxe4 21.
Bxe4 Nf6 22. Ne5 Nxe4 23. Rxe4 Rc7 24. Rce1 Bd5 25. R4e3 b5 26. a3 a5 27. Ng4 Be6 28.
Ne5 b4 29. axb4 axb4 30. Ng6+ fxg6 31. Rxe6 c3 32. bxc3 bxc3 33. Rc1 c2 34. Ree1 Rd8 35. Re4 Rb7 36. f3 Rb1 37. Ree1 Rxd4 38. Rxb1 cxb1=Q 39. Rxb1 Rd2 40. h4 Kf7 41. Rb7+ Kf6 42. Kh2 Ra2 43. Kh3 Rb2 44. Rxb2 1-0

[Event "Early-Titled-Tuesday-Blitz-May-14-2024"]
[Site "Chess.com"]
[Date "2024.05.14"]
[Round "6"]
[White "pfalcon1949"]
[Black "kekic76"]
[Result "1-0"]
[WhiteElo "1921"]
[BlackElo "2288"]
[TimeControl "180+1"]
[EndTime "9:08:19 PDT"]
[Termination "pfalcon1949 won on time"]

1. e4 c6 2. d4 d5 3. e5 Bf5 4. h4 h5 5. Bg5 Qb6 6. Bd3 Bxd3 7.
Qxd3 e6 8. Nd2 Be7 9. Ngf3 Bxg5 10. Nxg5 Ne7 11. O-O Nf5 12. c3 Nd7 13. a4 c5 14. c4 Nxd4 15. cxd5 exd5 16. e6 Nxe6 17. Qxd5 Nf6 18. Qe5 O-O 19. Ndf3 Qc7 20. Qc3 Nxg5 21. Nxg5 Qf4 22. g3 Qd4 23. Qc2 Rfd8 24. Rad1 Qe5 25. Rde1 Qd5 26. Re7 Rf8 27. Rfe1 Rae8 28. Rxe8 Rxe8 29.
Rxe8+ Nxe8 30. Qh7+ Kf8 31. Qxh5 g6 32. Nh7+ Kg7 33. Qxd5 1-0

[Event "Early-Titled-Tuesday-Blitz-May-14-2024"]
[Site "Chess.com"]
[Date "2024.05.14"]
[Round "6"]
[White "JoliyRoger"]
[Black "ValeriyGrinev"]
[Result "1/2-1/2"]
[WhiteElo "2424"]
[BlackElo "2594"]
[TimeControl "180+1"]
[EndTime "9:08:20 PDT"]
[Termination "Game drawn by repetition"]

1. d4 d5 2. c4 dxc4 3. Nf3 Nf6 4. e3 e6 5. Bxc4 a6 6. O-O b5 7. Bb3 Bb7 8. Nc3 Nbd7 9. Qe2 c5 10. Rd1 Qc7 11. d5 exd5 12. Nxd5 Nxd5 13. Bxd5 Bxd5 14. Rxd5 Be7 15. b3 O-O 16. Bb2 Bf6 17. Rad1 Rad8 18. h3 Bxb2 19. Qxb2 Nb6 20. R5d2 c4 21. Rc1 Rxd2 22.
Nxd2 Rc8 23. bxc4 Nxc4 24. Nxc4 bxc4 25. Qc3 h6 26. Rd1 a5 27. Rd5 a4 28. e4 Qc6 29.
Rd4 Qc5 30. g3 Kh8 31. Kg2 Kh7 32. h4 Rc7 33. Rd5 Qc6 34. Rd4 Qf6 35. e5 Qxe5 36. Qc2+ g6 37. Re4 Qd5 38. Kh2 c3 39. h5 Qxh5+ 40.
Kg1 Rd7 41. Qxc3 Rd1+ 42. Re1 Rxe1+ 43. Qxe1 Qd5 44. a3 Qb3 45. Qe7 h5 46. Qf8 Qd1+ 47. Kg2 Qd5+ 48. Kg1 Qf5 49. Qb4 Qg4 50. Qe7 Kg7 51.
Qe5+ Kh7 52. Qe7 Qf5 53. Qb4 Qd7 54. Qc5 Kg7 55. Qe5+ f6 56. Qc5 g5 57. Qb4 Kg6 58. Qe4+ Kg7 59. Qb4 Qa7 60. Qe4 Qd7 61. Qb4 1/2-1/2

[Event "Early-Titled-Tuesday-Blitz-May-14-2024"]
[Site "Chess.com"]
[Date "2024.05.14"]
[Round "6"]
[White "Nikita_Klepikov"]
[Black "Renatoforf"]
[Result "0-1"]
[WhiteElo "2298"]
[BlackElo "1960"]
[TimeControl "180+1"]
[EndTime "9:08:20 PDT"]
[Termination "Renatoforf won on time"]

1. e4 c5 2. Nf3 d6 3. d4 cxd4 4.
Nxd4 Nf6 5. Nc3 g6 6. Bc4 Bg7 7. Be3 O-O 8. f3 Nc6 9. Qd2 Bd7 10. O-O-O Qa5 11. Kb1 Rfc8 12. Bb3 Ne5 13. Nd5 Qxd2 14.
Rxd2 Nxd5 15. exd5 a5 16. a4 Nc4 17. Bxc4 Rxc4 18. b3 Rc3 19. Re1 Kf8 20. Bg5 Re8 21. Ne2 Rc5 22. c4 e5 23. Be3 Rcc8 24. Nc3 f5 25. Bb6 Ra8 26. Ra2 e4 27. Nb5 Bxb5 28. axb5 exf3 29. Rxe8+ Rxe8 30. Bxa5 fxg2 31. Rxg2 Ra8 32.
Ra2 Kf7 33. Kc2 Be5 34. Kd3 b6 35. b4 bxa5 36. bxa5 Bxh2 37. b6 Bg1 38. b7 Rb8 39. a6 Kf6 0-1

[Event "Early-Titled-Tuesday-Blitz-May-14-2024"]
[Site "Chess.com"]
[Date "2024.05.14"]
[Round "6"]
[White "viktorskliarov"]
[Black "Shushik"]
[Result "1-0"]
[WhiteElo "2673"]
[BlackElo "2548"]
[TimeControl "180+1"]
[EndTime "9:08:24 PDT"]
[Termination "viktorskliarov won by resignation"]

1. e4 e5 2. Nc3 Nf6 3. Bc4 Nc6 4. d3 Bc5 5. a3 d6 6. h3 a6 7. Nge2 Be6 8. Nd5 h6 9. Ng3 Bxd5 10. exd5 Ne7 11. Qf3 c6 12. dxc6 bxc6 13. Ne4 Ng6 14. Nxc5 dxc5 15. Qxc6+ Nd7 16. O-O Ne7 17. Qf3 O-O 18.
Qg3 Nf5 19. Qg4 Qf6 20. Be3 Nb6 21. Bxc5 Rfb8 22. Bxb6 Rxb6 23. b4 Rc8 24. c3 Rc7 25. Rae1 Nd6 26. Re3 e4 27. Rfe1 Rbc6 28. Bd5 Rxc3 29.
dxe4 Rxe3 30. Rxe3 Nb5 31. Rf3 Qa1+ 32. Kh2 Qe5+ 33.
g3 Nd4 34. Rxf7 Rxf7 35. Qc8+ Kh7 36. Bxf7 1-0

[Event "Early-Titled-Tuesday-Blitz-May-14-2024"]
[Site "Chess.com"]
[Date "2024.05.14"]
[Round "6"]
[White "DACF2905"]
[Black "yuriydovzik"]
[Result "1-0"]
[WhiteElo "2434"]
[BlackElo "2159"]
[TimeControl "180+1"]
[EndTime "9:08:24 PDT"]
[Termination "DACF2905 won on time"]

1. e4 c6 2. d4 Na6 3. Bxa6 Qa5+ 4. Nc3 Qxa6 5. Nge2 b6 6. O-O e6 7. d5 Nf6 8. Bg5 Be7 9. dxc6 dxc6 10. e5 Nd5 11. Bxe7 Kxe7 12. Nd4 Bd7 13. Ne4 c5 14. Nf3 Bb5 15.
Re1 Rad8 16. Qc1 h6 17. Nd6 Bc6 18. a3 f6 19. c4 Nc7 20. Qf4 Bxf3 21. exf6+ gxf6 22. Nf5+ Kd7 23. Rad1+ Kc8 24. Ne7+ Kb8 25. Qxf3 Qb7 26.
Nc6+ Kc8 27. Nxd8 Qxf3 28. gxf3 Rxd8 29. Rxd8+ Kxd8 30. f4 Ke7 31. Kg2 Ne8 32. Kf3 Nd6 33.
b3 Nf5 34. Ke4 Nd4 35. b4 f5+ 36. Kd3 Nf3 37. Re3 Nd4 38. Rh3 Kd6 39. Rxh6 1-0

[Event "Early-Titled-Tuesday-Blitz-May-14-2024"]
[Site "Chess.com"]
[Date "2024.05.14"]
[Round "6"]
[White "jankarsten"]
[Black "KirAk47"]
[Result "1-0"]
[WhiteElo "2633"]
[BlackElo "2457"]
[TimeControl "180+1"]
[EndTime "9:08:25 PDT"]
[Termination "jankarsten won by checkmate"]

1. Nf3 g6 2. g3 Bg7 3. Bg2 d6 4. O-O e5 5. d3 Nd7 6. c4 Ngf6 7. Nc3 O-O 8. Rb1 c6 9. b4 Qe7 10. e4 Ne8 11. b5 f5 12. bxc6 bxc6 13. Qa4 Nc5 14. Qxc6 Bb7 15. Qb5 Nc7 16. Qa5 fxe4 17. dxe4 N7e6 18. Nd5 Bxd5 19. cxd5 Nd4 20. Nxd4 exd4 21.
Bb2 Rab8 22. Qd2 d3 23. Ba3 Rxb1 24. Rxb1 Bd4 25. Rf1 Nxe4 26. Qxd3 Bxf2+ 27. Kh1 Nc5 28. Qc3 Qe3 29. Qa5 Rf7 30. Qd8+ Kg7 31. Bb2+ Kh6 32.
Qh4# 1-0

[Event "Early-Titled-Tuesday-Blitz-May-14-2024"]
[Site "Chess.com"]
[Date "2024.05.14"]
[Round "6"]
[White "czechbul17"]
[Black "Shuvalov"]
[Result "1-0"]
[WhiteElo "2205"]
[BlackElo "2541"]
[TimeControl "180+1"]
[EndTime "9:08:25 PDT"]
[Termination "czechbul17 won on time"]

1. e4 e6 2. Qe2 c5 3. g3 Nc6 4.
Bg2 Be7 5. Nf3 d5 6. d3 Nf6 7. O-O O-O 8. Re1 b5 9. Nbd2 a5 10. Nf1 a4 11. e5 Nd7 12. a3 b4 13. h4 bxa3 14. bxa3 Rb8 15. Bf4 Ba6 16. Qe3 Rb2 17.
Qc1 Rb6 18. Ne3 Re8 19. h5 h6 20. Ng4 Nd4 21. Nfh2 Nf5 22. Nf3 c4 23. d4 c3 24.
Ne3 Rb2 25. Nd1 Qb6 26. Nxc3 Qc6 27. Qxb2 Rb8 28. Qc1 Qxc3 29. Qd2 Qc6 30. Bf1 Bxf1 31. Rxf1 Rb2 32. Qd3 Nb6 33. Rab1 Rxc2 34. Rxb6 Rc3 35. Rxc6 Rxd3 36. Rc8+ Kh7 37. Kg2 Bxa3 38. Rb1 Be7 39.
Rbb8 1-0

[Event "Early-Titled-Tuesday-Blitz-May-14-2024"]
[Site "Chess.com"]
[Date "2024.05.14"]
[Round "6"]
[White "Lady_Nika"]
[Black "sterpfi"]
[Result "1-0"]
[WhiteElo "2490"]
[BlackElo "2324"]
[TimeControl "180+1"]
[EndTime "9:08:25 PDT"]
[Termination "Lady_Nika won by resignation"]

1. b4 e5 2. Bb2 Bxb4 3. Bxe5 Nf6 4. Nf3 O-O 5. g3 Re8 6. Bg2 Nc6 7. Bb2 d5 8. O-O Bf5 9. e3 Qd7 10. d3 Rad8 11.
Bxf6 gxf6 12. c3 Bd6 13. Nd4 Nxd4 14. cxd4 c6 15. Nc3 Bg4 16. Qb3 Re7 17. e4 dxe4 18.
dxe4 Bh3 19. Rad1 Bxg2 20. Kxg2 Qg4 21. Rfe1 Bb8 22. d5 f5 23. exf5 Rxe1 24. Rxe1 Qxf5 25. dxc6 bxc6 26. Ne4 Qd5 27. Qf3 Be5 28. Re2 Re8 29. Nf6+ Bxf6 30. Rxe8+ Kg7 31. Qxd5 cxd5 32. Ra8 Bd4 33.
Rd8 Bb6 34. Rxd5 Kf6 35. f4 Ke6 36. Re5+ Kf6 37. Kf3 h6 38. h3 Kg6 39. g4 f6 40.
Re7 Bd4 41. Kg3 h5 42. f5+ Kh6 43. Kf4 hxg4 44. hxg4 Bb6 45. Rf7 Bd4 46. Ke4 Bb6 47.
Rxf6+ Kg5 48. Rxb6 axb6 49. a4 Kf6 50. Kd5 Kg5 51. Kc6 1-0